 Dungeon Crawl Stone Soup version 0.31-a0-986-g5e6e4ef867 (webtiles) character file.

Game seed: 12441593606056397823

2627 p00ps00p the Cleaver (level 9, -1/82 HPs)
             Began as a Hill Orc Fighter on Nov 9, 2023.
             Slain by a gnoll sergeant
             ... wielding a +2 spear of venom
              (9 damage)
             ... on level 6 of the Dungeon.
             The game lasted 00:09:47 (4506 turns).

p00ps00p the Cleaver (Hill Orc Fighter)             Turns: 4506, Time: 00:09:49

Health: -1/82      AC: 16    Str: 23    XL:     9   Next: 61%
Magic:  9/9        EV:  6    Int:  8    God:
Gold:   774        SH:  5    Dex: 10    Spells: 8/8 levels left

rFire   . . .        e - +0 broad axe
rCold   . . .        c - +0 buckler
rNeg    . . .        g - +0 plate armour
rPois   .            (no helmet)
rElec   .            (no cloak)
rCorr   .            w - +0 pair of gloves
SInv    .            l - +0 pair of boots
Will    +....        (no amulet) Stlth
                     o - ring of willpower
HPRegen 0.33/turn    v - +4 ring of slaying
MPRegen 0.11/turn

%: no passive effects
@: lethally poisoned (-1 -> -9)
A: no striking features
a: no special abilities


You were on level 6 of the Dungeon.
You visited 1 branch of the dungeon, and saw 6 of its levels.

You collected 774 gold pieces.

Inventory:

Hand Weapons
 a - a +0 war axe
 e - a +0 broad axe (weapon)
 p - the +7 Throatcutter {drain, coup de grace}
   (You found it on level 3 of the Dungeon)
 t - the +3 mace of Pride {freeze, rN+}
   (You found it on level 3 of the Dungeon)

   rN+:       It protects you from negative energy.
Missiles
 f - 19 poisoned darts (quivered)
Armour
 b - a +0 scale mail
 c - a +0 buckler (worn)
 g - a +0 plate armour (worn)
 l - a +0 pair of boots (worn)
 w - a +0 pair of gloves (worn)
Jewellery
 o - a ring of willpower (left hand)
 v - a +4 ring of slaying (right hand)
Wands
 d - a wand of flame (42)
Scrolls
 m - 2 scrolls of identify
Potions
 h - 2 potions of invisibility {unknown}
 i - 2 potions of brilliance
 j - 3 potions of lignification
 k - a potion of attraction
 n - a potion of degeneration {unknown}
 q - 2 potions of cancellation


   Skills:
 + Level 8.5 Fighting
 + Level 8.7 Axes
 + Level 7.7 Armour
 + Level 7.8 Shields


You had 8 spell levels left.
You didn't know any spells.
Your spell library contained the following spells:

 Spells                   Type           Power      Damage    Failure   Level
 Freeze                   Ice            0%         1d3       100%        1
 Kiss of Death            Conj/Necr      0%         2d5       100%        1
 Sublimation of Blood     Necr           0%         N/A       100%        2
 Wereblood                Tmut           0%         N/A       100%        2
 Confusing Touch          Hex            0%         N/A       100%        3
 Frozen Ramparts          Ice            0%         1d1       100%        3
 Hailstorm                Conj/Ice       0%         3d3       100%        3
 Inner Flame              Hex/Fire       0%         N/A       100%        3
 Summon Guardian Golem    Hex/Summ       0%         N/A       100%        3
 Volatile Blastmotes      Fire/Tloc      0%         2d10      100%        3
 Dispel Undead            Necr           0%         3d6       100%        4
 Flame Wave               Conj/Fire      0%         2d4       100%        4
 Fulminant Prism          Conj/Hex       0%         3d5       100%        4
 Iskenderun's Mystic Bla  Conj/Tloc      0%         2d3       100%        4
 Sticky Flame             Conj/Fire      0%         2d3       100%        4
 Orb of Destruction       Conj           0%         9d5       100%        7
 Spellforged Servitor     Conj/Summ      0%         N/A       100%        7
 Summon Hydra             Summ           0%         N/A       100%        7


Dungeon Overview and Level Annotations

Branches:
Dungeon (6/15)
 Temple: D:4-7

Altars:

Shops:
D:2 (


Message History

The gnoll sergeant hits you with a +2 spear of venom!
You are poisoned.
You hit the gnoll sergeant but do no damage.
You feel very sick.
The gnoll sergeant hits you but does no damage.
You are more poisoned.
You hit the gnoll sergeant.
The gnoll sergeant is lightly wounded.
You slash the gnoll!
You kill the gnoll!
You feel extremely sick. The gnoll sergeant barely misses you.
You slash the gnoll sergeant!
The gnoll sergeant is severely wounded.
You feel very sick.
The gnoll sergeant hits you but does no damage.
The gnoll hits you but does no damage. x2
You block the gnoll sergeant's attack.
You barely miss the gnoll sergeant.
The gnoll sergeant is severely wounded.
You feel very sick.
The gnoll sergeant hits you but does no damage.
You are lethally poisoned!
The gnoll hits you but does no damage.
You hit the gnoll sergeant but do no damage.
The gnoll sergeant is severely wounded.
* * * LOW HITPOINT WARNING * * *
You feel very sick. The gnoll hits you but does no damage.
* * * LOW HITPOINT WARNING * * *
You feel very sick. You block the gnoll's attack.
The gnoll sergeant hits you but does no damage.
You slash the gnoll!
You kill the gnoll!
You hit the gnoll sergeant.
* * * LOW HITPOINT WARNING * * *
You feel very sick.
The gnoll sergeant hits you with a +2 spear of venom!
You die...

...........# .......
..### #.....##......#
#..............## .
#................
...##...............#
.......)............#
......)@............###
.....###g)~...........#
.#. ##.†.........<..#
...#........#..#[..##
.............##......#
...##.......##.......#
.. #................. .
#.................
###......#........


You could see a gnoll sergeant.

Vanquished Creatures
  Pikel (D:6)
  Grinder (D:3)
  4 yaks (D:5)
  Menkaure (D:5)
  A sky beast (D:6)
  A black bear (D:4)
  2 ice beasts (D:5)
  2 ogres
  A howler monkey (D:4)
  3 jellies (D:5)
  2 gnoll boudas
  2 orc priests (D:5)
  Terence (D:3)
  Ijyb (D:3)
  2 iguanas (D:5)
  3 orc wizards
  A sleepcap (D:4)
  Natasha (thrice) (D:2)
  4 adders
  13 gnolls
  3 worms
  2 dart slugs
  20 orcs
  4 ball pythons
  6 endoplasms
  4 giant cockroaches
  9 goblins
  13 hobgoblins
  5 quokkas
  6 bats
  3 frilled lizards
  15 kobolds
  3 rats
142 creatures vanquished.

Notes
Turn   | Place    | Note
-------+----------+-------------------------------------------
     0 | D:1      | p00ps00p the Hill Orc Fighter began the quest for the Orb.
     0 | D:1      | Reached XP level 1. HP: 19/19 MP: 1/1
    80 | D:1      | Reached XP level 2. HP: 19/27 MP: 2/2
   873 | D:2      | Reached XP level 3. HP: 33/33 MP: 3/3
  1055 | D:2      | Noticed Natasha
  1064 | D:2      | Killed Natasha
  1065 | D:2      | Reached XP level 4. HP: 17/40 MP: 4/4
  1120 | D:2      | Noticed Natasha
  1133 | D:2      | Killed Natasha
  1403 | D:2      | Found Sozess's Weapon Emporium.
  1611 | D:2      | Noticed Natasha
  1620 | D:2      | Killed Natasha
  1621 | D:2      | Reached XP level 5. HP: 37/47 MP: 5/5
  1878 | D:3      | Noticed Terence
  1892 | D:3      | Killed Terence
  1942 | D:3      | Noticed Grinder
  1954 | D:3      | Killed Grinder
  1955 | D:3      | Reached skill level 5 in Fighting
  1955 | D:3      | Reached skill level 5 in Axes
  1955 | D:3      | Reached XP level 6. HP: 39/56 MP: 6/6
  2144 | D:3      | Found the +7 Throatcutter {drain, coup de grace}
  2145 | D:3      | Noticed Ijyb
  2154 | D:3      | Killed Ijyb
  2155 | D:3      | Reached skill level 5 in Shields
  2176 | D:3      | Reached skill level 5 in Armour
  2329 | D:3      | Reached XP level 7. HP: 61/61 MP: 7/7
  2439 | D:3      | Identified the +3 mace of Pride {freeze, rN+}
  2961 | D:4      | Identified a scroll of acquirement
  2961 | D:4      | Acquired 507 gold pieces
  3211 | D:5      | Entered Level 5 of the Dungeon
  3498 | D:5      | Reached XP level 8. HP: 67/71 MP: 8/8
  3641 | D:5      | Noticed a yak
  3645 | D:5      | Noticed a yak
  3646 | D:5      | Noticed a yak
  3648 | D:5      | Noticed a yak
  3654 | D:5      | Killed a yak
  3663 | D:5      | Killed a yak
  3668 | D:5      | Killed a yak
  3680 | D:6      | Noticed Pikel
  3683 | D:6      | Killed Pikel
  3684 | D:6      | Reached XP level 9. HP: 26/81 MP: 9/9
  3988 | D:5      | Noticed Menkaure
  4311 | D:5      | Killed Menkaure
  4506 | D:6      | Slain by a gnoll sergeant

Illustrated notes

Levels and vault maps discovered:
D:1:      dpeg_arrival_tiny_k, layout_basic
D:2:      layout_basic, serial_shops, nicolae_shop_pleasant_corner_grove,
          st_stairs_11, wad_orctagon, uniq_natasha
D:3:      corexii_shack_village, layout_basic, uniq_ijyb, uniq_grinder,
          uniq_terence
D:4:      layout_gridville
D:5:      layout_basic, chequers_mini_garden, uniq_menkaure
D:6:      layout_cave_pools, gup_sewer_entry_pipe, uniq_pikel

Skill      XL: |  1  2  3  4  5  6  7  8  9 |
---------------+----------------------------+-----
Axes           | 3 4 5 6 7 8 |  8.7
Fighting       | 4 5 6 7 8 |  8.5
Armour         | 4 5 7 |  7.7
Shields        | 4 5 7 |  7.8

Action                     |  1- 3 |  4- 6 |  7- 9 || total
---------------------------+-------+-------+-------++-------
  Melee: War axe           |    76 |   121 |       ||   197
         Long sword        |       |     5 |   143 ||   148
         Broad axe         |       |       |    46 ||    46
    Use: Scroll            |     6 |     3 |     8 ||    17
         Potion            |     1 |     3 |     5 ||     9
 Armour: Scale mail        |    21 |       |       ||    21
         Plate armour      |    17 |   123 |   224 ||   364
  Dodge: Dodged            |    35 |    26 |    61 ||   122
  Block: Buckler           |    22 |    36 |    49 ||   107

Table legend: (Time is in decaauts)
 A = Elapsed time spent in this place.
 B = Non-inter-level travel time spent in this place.
 C = Inter-level travel time spent in this place.
 D = Time resting spent in this place.
 E = Time spent auto-exploring this place.
 F = Levels seen in this place.
 G = Mean time per level.
                   A        B        C        D        E       F      G
               +--------+--------+--------+--------+--------+-----+--------+
         Total |   4628 |   4470 |    158 |    538 |   2903 |   6 |  771.3 |
       Dungeon |   4628 |   4470 |    158 |    538 |   2903 |   6 |  771.3 |
               +--------+--------+--------+--------+--------+-----+--------+

Top non-repeatable levels by time:
     D:2: 1074 daAuts
     D:5: 875 daAuts
     D:4: 867 daAuts
     D:1: 818 daAuts
     D:3: 760 daAuts
     D:6: 232 daAuts
